Map: Simulacrum LE

Players

diamremREWES - Winner!

  • Race: Protoss Protoss
  • League: Diamond
  • Spawn Location: 5:00

Renvi

  • Race: Protoss Protoss
  • League: Diamond
  • Spawn Location: 11:00

VOD

Have the link to the VOD?

Description

Time

  • Played on: May 24, 2020, 10:56 p.m.
  • Length: 7:23
Show
View Real Time Build Order
Export as new Build Order

diamremREWES Protoss - Winner!

Build Orders: Cannon Rush 

Get SALT Encoding   

  12  0:01  Probe  
  13  0:20  Probe  
  14  0:25  Pylon  
  14  0:32  Probe  
  15  0:45  Probe (Chrono Boost), Forge  
  16  1:10  Pylon  
  16  1:11  Pylon  
  16  1:13  Pylon  
  16  1:30  Photon Cannon  
  16  1:32  Pylon  
  16  1:34  Photon Cannon  
  16  1:36  Pylon  
  16  1:57  Photon Cannon  
  16  2:02  Gateway  
  16  2:07  Probe  
  17  2:10  Assimilator  
  17  2:13  Assimilator  
  17  2:18  Photon Cannon  
  17  2:26  Probe (Chrono Boost)  
  18  2:38  Probe (Chrono Boost)  
  19  2:50  Probe (Chrono Boost)  
  19  2:52  Cybernetics Core  
  19  2:53  Zealot (Chrono Boost)  
  22  3:10  Probe  
  23  3:16  Zealot (Chrono Boost)  
  25  3:22  Probe  
  26  3:34  Probe  
  26  3:36  Pylon  
  27  4:08  Photon Cannon  
  27  4:09  Gateway  
  26  4:17  Photon Cannon  
  26  4:19  Photon Cannon  
  26  4:25  Photon Cannon  
  11  4:47  Stalker  
  12  5:17  Stalker  
  14  5:30  Shield Battery  
  14  5:47  Stalker (Chrono Boost)  
  16  6:13  Shield Battery  
  16  6:56  Pylon  
Show
View Real Time Build Order
Export as new Build Order

Renvi Protoss 

Build Orders:  

Get SALT Encoding   

  12  0:01  Probe  
  13  0:13  Probe  
  14  0:20  Pylon  
  14  0:25  Probe  
  15  0:38  Probe (Chrono Boost)  
  15  0:40  Gateway  
  16  0:49  Probe (Chrono Boost), Assimilator  
  17  0:54  Probe (Chrono Boost)  
  18  1:05  Probe  
  18  1:08  Assimilator  
  19  1:12  Gateway  
  19  1:21  Pylon  
  18  1:54  Gateway  
  18  1:56  Gateway  
  18  2:14  Pylon  
  18  2:34  Gateway x2  
  18  2:36  Gateway  
  18  2:55  Pylon  
  18  3:02  Cybernetics Core  
  15  3:41  Adept x2 (Chrono Boost)  
  15  3:42  Adept (Chrono Boost)  
  11  4:07  Adept x2 (Chrono Boost), Sentry (Chrono Boost)  
Tags
 
Matchup
PvP
Spawn Locations
Cross Positions
Add a new tag
Caveats
  • Supply blocks, unpowered buildings, or Contaminate may cause inaccurate times.
  • Supply counts are checked every 10 seconds.